 Dungeon Crawl Stone Soup version 0.27.0-1-g7a089689b8 (webtiles) character file.

Game seed: 703887665681688101

454 Lochraine the Magician (level 7, -3/53 HPs)
             Began as a Djinni Fire Elementalist on Aug 10, 2021.
             Slain by an iguana (12 damage)
             ... on level 4 of the Dungeon.
             The game lasted 00:08:28 (4596 turns).

Lochraine the Magician (Djinni Fire Elementalist)   Turns: 4596, Time: 00:08:29

Health: -3/53      AC:  2    Str:  7    XL:     7   Next: 26%
Gold:   82         EV: 13    Int: 18    God:
                   SH:  0    Dex: 14

rFire    + + .     SeeInvis .   b - +2 spear (vorpal)
rCold    x . .     Faith    .   (no shield)
rNeg     . . .     Spirit   .   a - +0 robe
rPois    ∞         Reflect  .   (no helmet)
rElec    .         Harm     .   (no cloak)
rCorr    .         Rampage  .   (no gloves)
Will     .....                  (boots unavailable)
Stlth    ++........             (no amulet)
HPRegen  0.17/turn              (no ring)
MPRegen  0.00/turn              (no ring)

@: flying
A: sickness immunity, fire resistance 2, cold vulnerability 1, float, innate
caster, hp casting, extra vitality 1
a: no special abilities


You were on level 4 of the Dungeon.
You visited 1 branch of the dungeon, and saw 4 of its levels.

You collected 121 gold pieces.
You spent 39 gold pieces at shops.

Inventory:

Hand Weapons
 b - a +2 vorpal spear (weapon)
   (You took it off a gnoll on level 4 of the Dungeon)
Armour
 a - a +0 robe (worn)
Magical Staves
 m - a staff of cold
   (You found it on level 3 of the Dungeon)
Scrolls
 g - 4 scrolls of teleportation {@r4}
 h - a scroll of amnesia {unknown}
 j - a scroll of magic mapping {unknown}
 l - a scroll of identify {@r1}
 o - a scroll of acquirement {unknown}
 p - a scroll of holy word {unknown}
Potions
 c - a potion of attraction {unknown}
 d - a potion of flight
 e - a potion of ambrosia {unknown}
 f - 2 potions of lignification {!q}
 i - a potion of curing {unknown}
 k - a potion of haste {unknown}
 q - a potion of invisibility {unknown}


   Skills:
 + Level 4.4 Fighting
 + Level 3.0 Dodging
 - Level 1.5 Stealth
 + Level 4.5 Spellcasting


You couldn't memorise any spells.
You knew the following spells:

 Your Spells              Type           Power      Damage    Failure   Level
a - Foxfire               Conj/Fire      80%        2x1d8     2%          1
b - Inner Flame           Hex/Fire       20%        N/A       7%          3
c - Summon Small Mammal   Summ           80%        N/A       2%          1
d - Conjure Flame         Conj/Fire      20%        6-21      7%          3
e - Poisonous Vapours     Pois/Air       40%        N/A       3%          2
f - Wereblood             Tmut           20%        N/A       3%          2
q - Sticky Flame          Conj/Fire      20%        2d4       22%         4
x - Fireball              Conj/Fire      10%        3d6       52%         5
Your spell library was empty.

Dungeon Overview and Level Annotations

Branches:
Dungeon (4/15)
 Temple: D:4-7

Altars:
Fedhas
Xom

Shops:
D:2 ?


Innate Abilities, Weirdness & Mutations

You are immune to sickness and miasma.
You are immune to poison.
Your flesh is very heat resistant. (rF++)
You are vulnerable to cold. (rC-)
You float through the air rather than walking.
You learn spells naturally, not from books.
Your magical power is your life essence.
You have superior vitality. (+4 HP)


Message History

You destroy the water moccasin skeleton!
Your Dodging skill increases to level 3!
Things that are here:
a +0 club; a +0 robe
Things that are here:
a +0 falchion; a +0 chain mail Unknown command.
Things that are here:
a +0 club; a +0 robe You now have 82 gold pieces (gained 9).
Found a stone staircase leading down.
A hobgoblin comes into view.
The hobgoblin shouts!
An iguana comes into view.
The hobgoblin moves out of view.
The hobgoblin hits you.
Found a tapered silver wand and 2 sedimented grey potions.
You miscast Conjure Flame.
You are very lightly contaminated with residual magic.
Nothing appears to happen.
The hobgoblin closely misses you.
You miscast Foxfire.
Nothing appears to happen.
The hobgoblin hits you but does no damage.
You conjure some foxfire!
The hobgoblin hits you.
The foxfire hits the hobgoblin.
You kill the hobgoblin!
The foxfire hits the iguana.
You conjure some foxfire!
The iguana hisses menacingly.
The iguana barely misses you.
The foxfire hits the iguana. x2; The iguana closely misses you.
You conjure some foxfire!
The iguana bites you.
A goblin comes into view. It is wielding a +0 dagger.
The foxfire hits the iguana but does no damage. x2
The iguana bites you!
You conjure some foxfire!
The iguana bites you!
* * * LOW HITPOINT WARNING * * *
The foxfire hits the iguana.
The foxfire hits the iguana but does no damage.
The iguana closely misses you.
You conjure some foxfire!
* * * LOW HITPOINT WARNING * * *
The iguana bites you.
* * * LOW HITPOINT WARNING * * *
The foxfire hits the iguana. x2; The iguana bites you.
* * * LOW HITPOINT WARNING * * *
Your magical contamination has completely faded away.
You conjure some foxfire!
* * * LOW HITPOINT WARNING * * *
The iguana bites you!
You die...

##...###.............# ##. #..##
##..).........# ## #..#
##)..).......# # #.##
###........##### #.#
##........### #.###...)..###..###
##.##......######..###### ##
#...........##..........########.
#......≈≈≈≈≈...v@lg..............
#.....#.≈_≈....v...............##
.....##..≈≈.................####.
...####.≈≈≈..................##..
..## ###....................#...
#.# >..................#...# #.#
......................# #.#
........>...........### #.# ..#


You could see an iguana (ally target) and a goblin.

Vanquished Creatures
  A water moccasin (D:3)
  A necrophage (D:4)
  A water moccasin skeleton (D:4)
  An orc priest (D:4)
  2 orc wizards (D:4)
  3 gnolls (D:4)
  5 adders
  2 worms
  A dart slug (D:1)
  5 orcs
  4 ball pythons
  3 endoplasms
  2 giant cockroaches
  2 goblins
  4 hobgoblins
  7 jackals (D:2)
  3 kobolds
  4 quokkas
  A bat (D:2)
  A frilled lizard (D:1)
  2 rats (D:1)
55 creatures vanquished.

Vanquished Creatures (others)
  134 foxfires
134 creatures vanquished.

Grand Total: 189 creatures vanquished

Notes
Turn   | Place    | Note
-------+----------+-------------------------------------------
     0 | D:1      | Lochraine the Djinni Fire Elementalist began the quest for
                  | the Orb.
     0 | D:1      | Reached XP level 1. HP: 15/15 MP: 0/0
   225 | D:1      | Reached XP level 2. HP: 19/21 MP: 0/0
   757 | D:1      | Found a faded altar of an unknown god.
   831 | D:1      | Reached skill level 1 in Fighting
  1243 | D:1      | Reached XP level 3. HP: 27/27 MP: 0/0
  1243 | D:1      | Learned a level 1 spell: Summon Small Mammal
  1434 | D:2      | Found a blossoming altar of Fedhas.
  1435 | D:2      | You are sucked into a shaft and drop 2 floors!
  1458 | D:4      | Noticed a necrophage
  1525 | D:4      | Found a blossoming altar of Fedhas.
  1546 | D:4      | Killed a necrophage
  1547 | D:4      | Reached XP level 4. HP: 15/34 MP: 0/0
  1547 | D:4      | Reached XP level 5. HP: 18/40 MP: 0/0
  1547 | D:4      | Learned a level 2 spell: Poisonous Vapours
  1965 | D:2      | Found Jeihesaf's Magic Scroll Emporium.
  1968 | D:2      | Bought a scroll of teleportation for 39 gold pieces
  2796 | D:3      | Noticed a water moccasin
  2831 | D:3      | Killed a water moccasin
  2832 | D:3      | Reached XP level 6. HP: 6/47 MP: 0/0
  3181 | D:3      | Found a shimmering altar of Xom.
  4078 | D:4      | Reached XP level 7. HP: 8/52 MP: 0/0
  4078 | D:4      | Learned a level 2 spell: Wereblood
  4085 | D:4      | HP: 3/78 [something (2)]
  4596 | D:4      | Slain by an iguana

Illustrated notes

Levels and vault maps discovered:
D:1:      elethiomel_arrival_shortcut, layout_basic, serial_forest,
          infiniplex_forest_clump_large, infiniplex_forest_straight_2,
          infiniplex_forest_end_2, infiniplex_forest_fountain,
          infiniplex_forest_clump_diagonal, infiniplex_forest_lined_3,
          infiniplex_forest_lined_room_2, infiniplex_forest_lined_room_3,
          dreamdust_ecumenical_altar_hidden_monk_grotto
D:2:      layout_basic, basic_altar, serial_shops, shop, chequers_jeans
D:3:      layout_basic, nicolae_overflow_crystal_walls
D:4:      layout_cave_pods, fedhas_altar_2

Skill      XL: |  1  2  3  4  5  6  7 |
---------------+----------------------+-----
Fighting       | 1 2 3 4 |  4.4
Spellcasting   | 3 4 |  4.5
Dodging        | 3 |  3.0
Stealth        | |  1.5

Action                   |  1- 3 |  4- 6 |  7- 9 || total
-------------------------+-------+-------+-------++-------
Melee: Unarmed           |     2 |       |       ||     2
       Spear             |       |    68 |     9 ||    77
 Cast: Foxfire           |    31 |    32 |    12 ||    75
       Summon Small Mamm |     4 |     4 |       ||     8
       Poisonous Vapours |       |     6 |       ||     6
  Use: Scroll            |     4 |     1 |       ||     5
       Potion            |       |     2 |       ||     2
 Stab: Sleeping          |       |     2 |       ||     2
Armor: Robe              |     2 |    13 |     2 ||    17
Dodge: Dodged            |    22 |    44 |     7 ||    73
